Map: [ESL] Gresvan

Players

Vindicta

  • Race: Terran Terran
  • Spawn Location: 5:00

PattyMac - Winner!

  • Race: Protoss Protoss
  • Spawn Location: 11:00

Event: ESL SC2 Masters 2023 Summer (Regionals)

VOD

Have the link to the VOD?

Description

Time

  • Played on: May 13, 2023, 3:42 p.m.
  • Length: 14:33

All games in this series

Show
View Real Time Build Order
Export as new Build Order

Vindicta Terran 

Build Orders:  

Get SALT Encoding   

  12  0:00  SCV  
  13  0:12  SCV  
  14  0:16  Supply Depot  
  14  0:24  SCV  
  15  0:38  SCV  
  15  0:39  Barracks  
  16  0:42  Refinery  
  16  0:50  SCV  
  17  1:02  SCV  
  18  1:14  SCV  
  19  1:26  Orbital Command  
  19  1:28  Barracks Reactor  
  19  1:40  Command Center  
  19  1:49  Supply Depot  
  19  1:52  SCV  
  20  2:04  SCV, Marine x2  
  23  2:15  Factory  
  23  2:17  SCV  
  23  2:21  Bunker  
  24  2:24  Marine  
  24  2:26  Reaper  
  24  2:29  SCV  
  27  2:34  Refinery  
  27  2:41  SCV  
  27  2:42  Marine  
  29  2:52  Orbital Command  
  29  2:53  SCV  
  29  2:57  Marine  
  31  3:00  Marine  
  31  3:04  Hellion  
  31  3:05  SCV  
  35  3:10  Starport  
  35  3:15  Marine  
  35  3:17  SCV  
  38  3:21  Marine  
  38  3:27  Widow Mine  
  38  3:31  Supply Depot  
  38  3:33  Marine, SCV  
  43  3:34  SCV  
  43  3:39  Marine  
  44  3:43  Barracks  
  43  3:49  Widow Mine  
  43  3:50  SCV  
  43  3:52  Marine  
  43  3:54  Viking  
  49  3:56  SCV  
  49  4:01  Supply Depot  
  48  4:04  SCV  
  48  4:05  Marine  
  48  4:08  SCV  
  51  4:10  Marine, Factory Tech Lab  
  51  4:16  SCV  
  53  4:20  SCV  
  53  4:23  Marine  
  55  4:25  Supply Depot  
  55  4:28  Marine  
  55  4:29  SCV  
  55  4:30  Cyclone  
  60  4:32  SCV  
  60  4:36  Starport Tech Lab  
  59  4:39  Barracks Tech Lab  
  59  4:40  Engineering Bay  
  59  4:41  SCV, Refinery  
  60  4:45  Barracks  
  60  4:46  SCV  
  61  4:53  Supply Depot  
  61  4:54  Raven  
  61  4:57  Stimpack, Marine x2  
  65  5:01  SCV x2  
  65  5:03  Marine  
  68  5:08  Terran Infantry Weapons Level 1  
  68  5:13  SCV x2  
  70  5:15  Refinery, Factory Reactor  
  70  5:17  Supply Depot  
  70  5:19  Marine  
  71  5:25  Marine, Supply Depot, SCV x2  
  73  5:39  Supply Depot  
  73  5:40  Combat Shield  
  73  5:41  Marauder  
  75  5:44  Marine x2  
  75  5:49  Marauder, Missile Turret  
  77  5:50  Missile Turret  
  77  5:59  Medivac  
  77  6:00  Medivac  
  77  6:01  SCV x2  
  77  6:02  Marine  
  77  6:03  Marauder, Factory Reactor, Supply Depot  
  85  6:06  Marine  
  85  6:10  Marine  
  87  6:15  Missile Turret  
  87  6:19  Missile Turret  
  87  6:20  Marine  
  87  6:24  Marauder  
  90  6:26  Supply Depot  
  90  6:27  SCV  
  90  6:29  Marauder  
  93  6:32  Marine  
  93  6:33  Command Center  
  94  6:41  Medivac x2  
  94  6:42  Widow Mine x2  
  94  6:45  Marauder  
  104  6:52  Barracks x2  
  104  6:55  Marine  
  104  6:58  Marine, Marauder  
  107  7:07  Marauder  
  105  7:13  Marine  
  92  7:15  Marine  
  92  7:18  Widow Mine x2  
  92  7:20  Marauder  
  88  7:23  Medivac  
  88  7:25  SCV x2  
  88  7:28  Marine  
  88  7:29  Medivac  
  91  7:31  Marine  
  91  7:32  Terran Infantry Armor Level 1  
  91  7:33  Marine  
  93  7:37  SCV x2  
  93  7:41  Marauder  
  97  7:47  Barracks Reactor  
  97  7:48  Marine, Barracks Tech Lab  
  97  7:50  Missile Turret  
  97  7:51  Widow Mine x2, Marine, SCV x2  
  104  7:55  Ghost Academy  
  105  8:02  Marauder  
  105  8:03  SCV  
  105  8:04  SCV  
  111  8:07  Orbital Command  
  111  8:09  Concussive Shells  
  111  8:13  Marine  
  111  8:15  SCV  
  111  8:16  SCV  
  105  8:23  Missile Turret  
  105  8:24  Marine  
  105  8:25  Refinery  
  105  8:26  Ghost  
  105  8:28  SCV x2  
  105  8:31  Marine  
  105  8:33  SCV  
  111  8:36  Marine x2  
  111  8:38  Refinery, Ghost  
  111  8:40  SCV  
  111  8:41  SCV  
  115  8:43  Marine, Marauder  
  115  8:45  SCV  
  119  8:49  Marine  
  119  8:52  SCV  
  119  8:53  Marine x2, Siege Tank  
  119  8:54  Ghost  
  128  8:57  Missile Turret  
  128  9:01  Supply Depot  
  128  9:04  Ghost  
  128  9:06  Armory  
  128  9:07  Ghost  
  131  9:11  SCV  
  131  9:16  Viking  
  133  9:19  Supply Depot  
  133  9:22  Marine x2, Viking, SCV  
  133  9:23  SCV x2  
  140  9:25  Supply Depot  
  140  9:27  Siege Tank  
  140  9:29  Ghost  
  145  9:37  Supply Depot x2  
  145  9:42  Barracks, SCV  
  145  9:44  Barracks  
  146  9:52  Ghost  
  145  9:56  Marine x3  
  152  10:00  Supply Depot  
  152  10:01  Viking  
  152  10:05  Viking, Siege Tank  
  157  10:09  Marine, Marauder  
  157  10:11  Marine  
  157  10:14  Marine x2  
  161  10:20  SCV  
  162  10:21  Marine, Ghost  
  162  10:27  Marine  
  166  10:29  Marine  
  166  10:30  Marine, Viking  
  166  10:31  Marine  
  166  10:33  Marine x2  
  171  10:42  Missile Turret  
  171  10:43  Missile Turret, Siege Tank  
  171  10:45  Marine  
  171  10:46  Marine  
  171  10:47  Missile Turret  
  176  10:56  Marine x2  
  149  10:57  Viking  
  149  11:00  Marine  
  149  11:02  Marine  
  149  11:06  Marine x2  
  149  11:07  Marine x2  
  149  11:08  Marine  
  152  11:14  Marine x2  
  152  11:15  Siege Tank  
  152  11:18  Marine  
  155  11:20  Marine, SCV  
  155  11:24  Marine x4  
  157  11:26  Marine  
  157  11:32  Marine x2  
  160  11:35  Marine, Viking x2  
  160  11:37  Marine  
  166  11:42  Marine x3  
  166  11:45  Marine  
  171  11:49  Siege Tank  
  171  11:50  Marine  
  175  12:05  Viking  
  175  12:06  Viking, Missile Turret x2  
  175  12:08  Marine x2  
  172  12:14  Marine  
  172  12:15  Marine x2, Ghost  
  150  12:18  Marine  
  150  12:20  Marine x2  
  127  12:30  Terran Ship Weapons Level 1  
  127  12:36  Barracks Tech Lab x2  
  127  12:39  SCV  
  127  12:42  Viking x2  
  134  12:48  Ghost  
  134  12:50  SCV  
  137  12:53  SCV  
  137  12:58  Ghost x2  
  136  13:02  Siege Tank  
  136  13:03  Orbital Command, SCV  
  143  13:05  SCV  
  143  13:13  Missile Turret  
  143  13:15  SCV  
  143  13:17  Viking  
  146  13:22  Viking  
  148  13:28  Ghost  
  148  13:32  Marine  
  148  13:33  Marine  
  148  13:36  Marine x2  
  151  13:43  Siege Tank  
  151  13:47  SCV  
  151  13:48  SCV x2  
  156  13:52  Ghost  
  158  13:59  SCV, Ghost x2  
  163  14:04  Marine  
  163  14:07  Sensor Tower  
Show
View Real Time Build Order
Export as new Build Order

PattyMac Protoss - Winner!

Build Orders: 1 Gate Expand, Phoenix Opening, Carriers, Mass Phoenix, Colossus Rush 

Get SALT Encoding   

  12  0:00  Probe  
  13  0:12  Probe  
  14  0:18  Pylon  
  14  0:24  Probe  
  15  0:28  Assimilator  
  15  0:36  Probe (Chrono Boost)  
  15  0:42  Gateway  
  16  0:48  Probe (Chrono Boost)  
  17  0:53  Probe (Chrono Boost)  
  18  1:03  Probe  
  19  1:15  Probe  
  20  1:23  Nexus  
  20  1:32  Cybernetics Core  
  20  1:34  Probe  
  20  1:39  Assimilator  
  21  1:46  Probe  
  22  1:49  Pylon  
  22  1:58  Probe  
  23  2:05  Adept (Chrono Boost)  
  25  2:10  Probe (Chrono Boost)  
  25  2:11  Stargate  
  26  2:20  Warp Gate  
  26  2:22  Probe (Chrono Boost)  
  27  2:28  Adept  
  27  2:29  Probe (Chrono Boost)  
  30  2:35  Probe (Chrono Boost)  
  31  2:43  Probe (Chrono Boost)  
  33  2:44  Probe (Chrono Boost)  
  33  2:49  Probe x2 (Chrono Boost)  
  34  2:55  Phoenix (Chrono Boost)  
  37  3:01  Probe x2, Adept  
  41  3:10  Pylon  
  41  3:13  Probe x2  
  41  3:17  Phoenix (Chrono Boost)  
  45  3:25  Probe  
  45  3:26  Gateway  
  46  3:28  Probe, Assimilator  
  47  3:37  Probe  
  47  3:40  Probe  
  48  3:41  Phoenix (Chrono Boost)  
  50  3:49  Probe  
  50  3:52  Probe  
  52  4:01  Probe, Assimilator  
  52  4:02  Robotics Facility  
  53  4:04  Probe  
  53  4:07  Pylon  
  53  4:09  Pylon  
  54  4:20  Nexus  
  54  4:25  Probe x2  
  54  4:32  Phoenix (Chrono Boost)  
  54  4:37  Probe x2  
  58  4:40  Sentry  
  60  4:49  Probe x2, Observer (Chrono Boost)  
  60  4:50  Phoenix  
  65  4:58  Shield Battery  
  65  4:59  Robotics Bay  
  65  5:01  Probe x2  
  65  5:02  Pylon  
  67  5:13  Probe  
  68  5:16  Phoenix, Pylon  
  68  5:17  Immortal (Chrono Boost)  
  74  5:22  Probe  
  74  5:25  Stalker  
  77  5:30  Probe  
  77  5:31  Phoenix, Observer  
  77  5:32  Assimilator  
  77  5:34  Probe, Gateway  
  79  5:41  Probe, Phoenix  
  82  5:44  Probe  
  83  5:50  Probe  
  83  5:57  Colossus (Chrono Boost)  
  84  6:03  Probe  
  91  6:05  Probe  
  91  6:06  Phoenix, Forge  
  91  6:07  Probe, Assimilator  
  91  6:10  Extended Thermal Lance  
  95  6:11  Zealot x2  
  95  6:15  Probe  
  95  6:17  Probe  
  101  6:28  Pylon  
  101  6:36  Pylon  
  101  6:40  Protoss Ground Weapons Level 1  
  101  6:42  Colossus (Chrono Boost)  
  101  6:44  Photon Cannon  
  101  6:45  Shield Battery  
  101  6:46  Probe x2  
  109  6:47  Pylon, Photon Cannon, Shield Battery  
  109  6:56  Sentry  
  109  6:57  Stalker x2  
  115  7:05  Pylon  
  105  7:21  Phoenix  
  107  7:26  Colossus (Chrono Boost)  
  113  7:32  Probe  
  113  7:34  Probe x2  
  113  7:35  Fleet Beacon  
  116  7:37  Stargate  
  116  7:40  Stargate  
  116  7:43  Nexus  
  116  7:45  Pylon  
  116  7:52  Probe, Protoss Air Weapons Level 1 (Chrono Boost)  
  116  7:56  Probe, Pylon  
  118  8:00  Zealot x2  
  118  8:02  Twilight Council  
  122  8:07  Disruptor (Chrono Boost)  
  122  8:09  Sentry  
  133  8:28  Carrier (Chrono Boost)  
  133  8:33  Carrier (Chrono Boost)  
  139  8:35  Assimilator  
  139  8:40  Assimilator  
  139  8:41  Photon Cannon  
  139  8:42  Charge (Chrono Boost)  
  139  8:43  Photon Cannon  
  139  8:44  Disruptor, Shield Battery  
  139  8:46  Photon Cannon  
  139  8:48  Photon Cannon  
  142  8:51  Photon Cannon  
  142  8:52  Probe  
  142  8:53  Pylon  
  143  8:59  Pylon  
  143  9:02  Zealot x3  
  152  9:18  Protoss Ground Weapons Level 2 (Chrono Boost)  
  152  9:19  Probe  
  152  9:20  Probe  
  152  9:21  Carrier (Chrono Boost)  
  154  9:24  Carrier (Chrono Boost)  
  154  9:27  Photon Cannon  
  154  9:29  Shield Battery  
  154  9:30  Photon Cannon  
  166  9:42  Observer  
  166  9:46  Carrier (Chrono Boost)  
  166  9:49  Zealot x3  
  170  10:00  Shield Battery  
  170  10:03  Pylon  
  170  10:08  Disruptor  
  170  10:11  Carrier x2 (Chrono Boost)  
  184  10:23  Pylon  
  184  10:25  Pylon  
  184  10:34  Pylon  
  184  10:36  Pylon  
  184  10:38  Gateway  
  184  10:39  Gateway  
  184  10:42  Gateway  
  184  10:48  Zealot x2  
  184  10:49  Zealot  
  166  11:08  Disruptor (Chrono Boost)  
  170  11:18  Templar Archives  
  171  11:19  Carrier (Chrono Boost)  
  171  11:21  Carrier (Chrono Boost)  
  171  11:25  Carrier (Chrono Boost)  
  173  11:32  Sentry  
  175  11:37  Disruptor (Chrono Boost)  
  178  11:43  Zealot x4, Protoss Air Weapons Level 2 (Chrono Boost)  
  186  11:54  Protoss Ground Weapons Level 3 (Chrono Boost)  
  186  11:56  High Templar x2  
  190  12:01  Archon  
  156  12:18  Zealot x4  
  161  12:26  Carrier (Chrono Boost)  
  161  12:29  High Templar x2  
  177  12:31  Carrier (Chrono Boost)  
  177  12:33  Archon  
  177  12:41  Observer (Chrono Boost)  
  177  12:42  High Templar  
  177  12:43  High Templar  
  182  12:48  Archon  
  182  12:55  High Templar  
  182  12:56  Nexus, High Templar  
  182  12:58  Pylon  
  186  13:00  Archon  
  186  13:03  Colossus  
  192  13:09  Zealot x2  
  196  13:19  Zealot x2  
  200  13:28  Dark Shrine  
  199  13:52  Robotics Facility  
  199  13:53  Nexus  
  199  13:54  Gateway  
  199  13:55  Gateway  
  199  13:56  Pylon  
Tags
 
Add a new tag
Caveats
  • Supply blocks, unpowered buildings, or Contaminate may cause inaccurate times.
  • Supply counts are checked every 10 seconds.